cohdb
Replays
Latest Replays
All Replays
Popular Replays
Top Player Replays
Match Explorer
How It Works
Community
CoH3 Stats
Reddit
Sign in to upload your games and track your stats! →
Sign in with Steam
Match 39634095
Unlisted
Match 39634095
Overview
Messages
Build Orders
End
Construct Section Command Post
Selects Canadian Shock Battlegroup
Selects Canadian Shock Battlegroup
Vickers Machine Gun Team
Construct Platoon Command Post
Selects Attacking Spirit
Selects Canadian Shock Section
Unlock M3 Stuart Light Tanks
Royal Engineer Section
Selects Incendiary Munitions
M3 Stuart Light Tank
M3 Stuart Light Tank
M3 Stuart Light Tank
M3 Stuart Light Tank
M3 Stuart Light Tank
Infantry Section
Infantry Section
Grenade Package
M3 Stuart Light Tank
M3 Stuart Light Tank
Selects Pyrotechnics
Selects Demolition Engineering
Infantry Section
Infantry Section
AI Takeover
fatqunt
Banana
zerry
UH|dun! ツ
UH|XTC
iceman
0
0
Comments
sign in to comment!
No comments posted yet!